 Dungeon Crawl Stone Soup version 0.30-a0-6-g7c9e10e132 (webtiles) character file.

Game seed: 17255439263539253480

3343 snetch the Cleaver (level 9, -11/115 (121) HPs)
             Began as a Minotaur Berserker on Aug 22, 2022.
             Was an Elder of Trog.
             Mangled by a gnoll
             ... wielding a +2 halberd of electrocution
              (19 damage)
             ... in a bailey.
             The game lasted 00:23:50 (7181 turns).

snetch the Cleaver (Minotaur Berserker)             Turns: 7181, Time: 00:23:50

HP:   -11/115 (121) AC: 16    Str: 26    XL:     9   Next: 72%
MP:   3/8           EV:  8    Int:  4    God:    Trog [****..]
Gold: 447           SH:  0    Dex: 10    Spells: 8/8 levels left

rFire   . . .      SeeInvis .    a - +3 war axe
rCold   . . .      Faith    .    (no shield)
rNeg    . . .      Spirit   .    w - +0 plate armour
rPois   .          Reflect  .    (helmet restricted)
rElec   .          Harm     .    (no cloak)
rCorr   +          Rampage  .    M - +1 pair of gloves {infuse}
Will    .....                    (no boots)
Stlth   ..........               (no amulet)
HPRegen 0.29/turn                x - ring of resist corrosion
MPRegen 0.11/turn                (no ring)

@: berserking, lightly drained, very quick
A: horns 2, retaliatory headbutt
a: Renounce Religion, Berserk, Trog's Hand, Brothers in Arms


You were in a bailey.
You worshipped Trog.
Trog was greatly pleased with you.
You visited 1 branch of the dungeon, and saw 8 of its levels.
You also visited: Bailey.

You collected 447 gold pieces.

Inventory:

Hand Weapons
 a - a +3 war axe (weapon)
 b - a +1 morningstar of protection
 c - a +1 spear of freezing
 A - a +2 halberd of electrocution
 L - a +4 flail of holy wrath
 S - a +1 halberd of draining
Missiles
 r - 2 boomerangs
 y - a curare-tipped dart
 z - 16 poisoned darts
 C - 25 stones (quivered)
 D - 6 datura-tipped darts
 G - 2 atropa-tipped darts
Armour
 w - a +0 plate armour (worn)
 M - a +1 pair of gloves of infusion (worn)
Jewellery
 x - a ring of resist corrosion (left hand)
Wands
 u - a wand of polymorph (2)
 B - a wand of paralysis (18)
 E - a wand of digging (4)
 I - a wand of mindburst (4)
Scrolls
 d - 2 scrolls of noise {unknown}
 e - 2 scrolls of amnesia {unknown}
 h - 4 scrolls of identify {unknown}
 k - 2 scrolls of enchant weapon {unknown}
 m - 3 scrolls of immolation {unknown}
 n - a scroll of enchant armour {unknown}
 s - 4 scrolls of teleportation {unknown}
 t - a scroll of blinking {unknown}
 J - a scroll of brand weapon {unknown}
 K - a scroll of poison {unknown}
Potions
 f - a potion of heal wounds {unknown}
 g - a potion of cancellation {unknown}
 i - 4 potions of degeneration {unknown}
 j - 5 potions of ambrosia {unknown}
 l - 3 potions of flight {unknown}
 o - 4 potions of curing {unknown}
 p - 3 potions of lignification {unknown}
 q - 2 potions of might {unknown}
 v - 2 potions of brilliance {unknown}
 F - a potion of attraction {unknown}
 H - a potion of invisibility {unknown}
 N - a potion of haste {unknown}
 P - a potion of resistance {unknown}


   Skills:
 + Level 7.8 Fighting
 + Level 10.6(11.2) Axes
 + Level 5.7(8.9) Maces & Flails
 + Level 1.8 Throwing
 + Level 8.6 Armour
 + Level 3.9 Dodging
 + Level 1.0 Stealth


You had 8 spell levels left.
You didn't know any spells.
Your spell library contained the following spells:

 Spells                   Type           Power      Damage    Failure   Level
 Foxfire                  Conj/Fire      0%         2x1d4     99%         1
 Blink                    Tloc           0%         N/A       100%        2
 Ensorcelled Hibernation  Hex/Ice        0%         N/A       100%        2
 Poisonous Vapours        Pois/Air       0%         N/A       100%        2
 Static Discharge         Conj/Air       0%         3-3/arc   100%        2
 Confusing Touch          Hex            0%         N/A       100%        3
 Conjure Flame            Conj/Fire      0%         6-21      100%        3
 Inner Flame              Hex/Fire       0%         N/A       100%        3
 Spider Form              Tmut/Pois      0%         N/A       100%        3
 Anguish                  Hex/Necr       0%         N/A       100%        4
 Cause Fear               Hex            0%         N/A       100%        4
 Corpse Rot               Necr/Pois/Air  0%         N/A       100%        4
 Flame Wave               Conj/Fire      0%         2d4       100%        4
 Lightning Bolt           Conj/Air       0%         1d11      100%        5
 Manifold Assault         Tloc           0%         N/A       100%        5
 Conjure Ball Lightning   Conj/Air       0%         3x3d6     100%        6
 Storm Form               Tmut/Air       0%         N/A       100%        7
 Maxwell's Capacitive Co  Air            0%         ∞         100%        8


Dungeon Overview and Level Annotations

Branches:
Dungeon (8/15)             Temple (0/1) D:7          Bailey (1/1)
   Lair: D:8-11

Altars:
Ashenzari
Elyvilon
Fedhas
Gozag
Makhleb
Qazlal
Trog
Uskayaw
Yredelemnul

Shops:
D:7 =

Annotations:
D:5 hatch behind lava


Innate Abilities, Weirdness & Mutations

You have a pair of horns on your head.
You reflexively headbutt those who attack you in melee.


Message History

a +1 halberd of draining; a gnoll corpse As you open the door, it creaks loudly!
An orc warrior and 3 gnolls come into view.
A gnoll is wielding a +0 halberd of electrocution.
The orc warrior is wielding a +3 halberd of electrocution.
A gnoll is wielding a +0 halberd of electrocution.
A gnoll is wielding a +2 halberd of electrocution.
The gnoll shouts!
The orc warrior shouts!
The gnoll shouts! x2
Found four items.
Found 2 murky blue potions, a fuming orange potion and a blue potion.
The gnoll barely misses you.
The orc warrior hits you but does no damage.
You are electrocuted!
There is an open door here.
The gnoll barely misses you.
The orc warrior hits you with a +3 halberd of electrocution!
The gnoll hits you but does no damage.
You are electrocuted!!
The gnoll hits you but does no damage.
You are electrocuted!
* * * LOW HITPOINT WARNING * * *
You see here a cyan potion.
Unknown command.
A red film seems to cover your vision as you go berserk!
You feel yourself moving faster!
You feel mighty!
The gnoll hits you with a +0 halberd of electrocution.
* * * LOW HITPOINT WARNING * * *
The orc warrior hits you but does no damage.
The gnoll hits you from afar with a +2 halberd of electrocution.
* * * LOW HITPOINT WARNING * * *
The gnoll hits you but does no damage.
You closely miss the gnoll. You closely miss the orc warrior.
You slash the gnoll!
Unknown command.
You barely miss the gnoll. You slice the orc warrior!! You slash the gnoll!
You kill the gnoll!
Trog accepts your kill.
The gnoll hits you with a +0 halberd of electrocution.
* * * LOW HITPOINT WARNING * * *
The orc warrior hits you with a +3 halberd of electrocution.
* * * LOW HITPOINT WARNING * * *
The gnoll hits you from afar with a +2 halberd of electrocution!
* * * LOW HITPOINT WARNING * * *
You are electrocuted!!
You die...

### ### #####
#)###)###)).##
##'##'##'###'##+##+
##.....## ##@)!.!#
###....)### #og.!.#
#)'..⌠.)')# +!g⌠.!+
###....)### #.!.!.#
##.....## #!.!.!#
##'##'##'###+##+##+
#†###)###.#.# #'# ###
##### ### ###
#†###.###†#†###)###)#


You could see an orc warrior and 2 gnolls.

Vanquished Creatures
  Sigmund (D:6)
  Edmund (D:6)
  Duvessa (D:7)
  3 orc warriors
  A black bear (D:4)
  2 ice beasts
  An ogre (D:6)
  2 centaurs
  2 phantoms
  2 kobold brigands
  A bullfrog (D:8)
  2 gnoll sergeants
  15 wights
  Dowan (D:7)
  A howler monkey (D:4)
  3 jellies
  4 hounds
  4 iguanas
  3 orc wizards
  Ijyb (D:5)
  11 adders
  17 gnolls
  2 white imps
  3 ufetubi
  4 dart slugs
  31 orcs
  8 endoplasms
  6 giant cockroaches
  11 goblins
  11 hobgoblins
  4 quokkas
  4 ball pythons
  5 bats
  4 frilled lizards
  11 kobolds
  3 rats
186 creatures vanquished.

Vanquished Creatures (others)
  2 fungi (D:8)
2 creatures vanquished.

Grand Total: 188 creatures vanquished

Notes
Turn   | Place    | Note
-------+----------+-------------------------------------------
     0 | D:1      | snetch the Minotaur Berserker began the quest for the Orb.
     0 | D:1      | Reached XP level 1. HP: 19/19 MP: 0/0
   236 | D:1      | Reached XP level 2. HP: 27/27 MP: 1/1
   376 | D:1      | Reached skill level 4 in Axes
   616 | D:1      | Reached XP level 3. HP: 24/33 MP: 2/2
   931 | D:3      | Found a hide-covered altar of Uskayaw.
   968 | D:3      | Reached ** piety under Trog
  1055 | D:2      | Found the amulet of Elemental Vulnerability {rPois rF--
                  | rC-- AC+8}
  1268 | D:2      | Reached XP level 4. HP: 40/40 MP: 3/3
  1492 | D:2      | Found a faded altar of an unknown god.
  1750 | D:4      | Noticed a black bear
  1759 | D:4      | Killed a black bear
  1760 | D:4      | Reached skill level 5 in Axes
  1760 | D:4      | Reached skill level 1 in Throwing
  1760 | D:4      | Reached XP level 5. HP: 47/47 MP: 4/4
  1994 | D:4      | Noticed an orc warrior
  2005 | D:4      | Reached XP level 6. HP: 29/53 MP: 5/5
  2006 | D:4      | Killed an orc warrior
  2237 | D:3      | Reached skill level 6 in Axes
  2666 | D:4      | Reached *** piety under Trog
  2881 | D:5      | Entered Level 5 of the Dungeon
  2996 | D:4      | Reached skill level 5 in Fighting
  2996 | D:4      | Reached skill level 5 in Armour
  3005 | D:4      | Reached skill level 1 in Stealth
  3005 | D:4      | Reached XP level 7. HP: 57/61 MP: 6/6
  3423 | D:5      | Reached skill level 7 in Axes
  3559 | D:5      | Found a stormy altar of Qazlal.
  3559 | D:5      | Noticed Ijyb
  3562 | D:5      | Paralysed by Ijyb for 4 turns
  3575 | D:5      | Killed Ijyb
  3576 | D:5      | Reached skill level 8 in Axes
  3601 | D:5      | Found a broken altar of Ashenzari.
  3759 | D:5      | Found a burning altar of Makhleb.
  3973 | D:5      | Found an opulent altar of Gozag.
  3996 | D:5      | Got the Monograph on Hazy Beguiling
  4136 | D:6      | Reached XP level 8. HP: 32/70 MP: 7/7
  4452 | D:6      | Found a bloodstained altar of Trog.
  4485 | D:6      | Reached skill level 9 in Axes
  4699 | D:6      | Found a basalt altar of Yredelemnul.
  4994 | D:7      | Noticed Dowan
  4995 | D:7      | Noticed Duvessa
  5014 | D:7      | Killed Dowan
  5021 | D:7      | Killed Duvessa
  5516 | D:7      | Found Wextuas's Jewellery Shop.
  5567 | D:6      | Found a white marble altar of Elyvilon.
  5662 | D:6      | Reached skill level 10 in Axes
  5715 | D:6      | Noticed Edmund
  5718 | D:6      | Noticed Sigmund
  5734 | D:6      | Killed Sigmund
  5735 | D:6      | Reached skill level 1 in Maces & Flails
  5735 | D:6      | Reached XP level 9. HP: 57/79 MP: 8/8
  5739 | D:6      | Killed Edmund
  5860 | D:6      | Reached **** piety under Trog
  6029 | D:7      | Found a staircase to the Ecumenical Temple.
  6666 | D:8      | Noticed a troll
  6751 | D:8      | Found a blossoming altar of Fedhas.
  6828 | D:8      | Reached skill level 5 in Maces & Flails
  6876 | D:8      | Found a flagged portal.
  6884 | Bailey   | Entered a bailey
  7181 | Bailey   | Mangled by a gnoll

Illustrated notes

Levels and vault maps discovered:
D:1:      lemuel_arrival_room, layout_basic
D:2:      layout_loops_cross, shapermc_ecumenical_altar_totnotflames,
          minmay_misc_feat_diagonals, moated_statue
D:3:      minmay_door_path, layout_rooms, nicolae_overflow_hidden_temple
D:4:      layout_cave_pools, fountainhead, hangedman_decor_growths
D:5:      layout_basic, old_standard_altar, nicolae_qazlal_general_emergency,
          nicolae_ashenzari_panopticon, bloody_makhleb, uniq_ijyb
D:6:      layout_basic, mainiacjoe_overflow_catch_the_wave, elyvilon_altar_3,
          sigmund_edmund_badplayer
D:7:      layout_rooms, temple_pool_b, nicolae_stop_n_shop_2,
          mrwooster_statue_mirror, st_stairs_7, kennysheep_generic_room_13,
          uniq_prince_ribbit1, uniq_duvessa
D:8:      layout_loops_ring, mainiacjoe_overflow_chevrons,
          mainiacjoe_overflow_six_doors_small, erik_lair_island,
          gammafunk_ghost_spectres, enter_bailey_3
Bailey:   bailey_polearm_nasty_gnolls, bailey

Skill      XL: |  1  2  3  4  5  6  7  8  9 |
---------------+----------------------------+-----
Axes           | 4 5 6 8 10 | 10.6
Fighting       | 4 5 7 |  7.8
Armour         | 3 4 5 7 8 |  8.6
Throwing       | 1 |  1.8
Dodging        | 3 |  3.9
Stealth        | 1 |  1.0
Maces & Flails | 1 5 |  5.7

Action                   |  1- 3 |  4- 6 |  7- 9 || total
-------------------------+-------+-------+-------++-------
Melee: Hand axe          |    83 |   113 |    93 ||   289
       Headbutt          |     9 |    17 |    44 ||    70
       Punch             |       |     2 |     4 ||     6
       War axe           |       |       |   114 ||   114
       Flail             |       |       |    54 ||    54
       Morningstar       |       |       |    45 ||    45
Throw: Stone             |    18 |     7 |     3 ||    28
Invok: Trog's Hand       |       |     3 |     2 ||     5
       Berserk           |       |     2 |     3 ||     5
Armor: Animal skin       |     1 |       |       ||     1
       Ring mail         |    11 |    35 |       ||    46
       Plate armour      |       |    53 |   220 ||   273
Dodge: Dodged            |    58 |    68 |   156 ||   282

Table legend: (Time is in decaauts)
 A = Elapsed time spent in this place.
 B = Non-inter-level travel time spent in this place.
 C = Inter-level travel time spent in this place.
 D = Time resting spent in this place.
 E = Time spent auto-exploring this place.
 F = Levels seen in this place.
 G = Mean time per level.
                   A        B        C        D        E       F      G
               +--------+--------+--------+--------+--------+-----+--------+
         Total |   7237 |   6805 |    432 |    487 |   3809 |   9 |  804.1 |
       Dungeon |   6942 |   6510 |    432 |    420 |   3809 |   8 |  867.8 |
        Bailey |    294 |    294 |      0 |     67 |      0 |   1 |  294.0 |
               +--------+--------+--------+--------+--------+-----+--------+

Top non-repeatable levels by time:
     D:6: 2085 daAuts
     D:3: 901 daAuts
     D:1: 872 daAuts
     D:4: 820 daAuts
     D:5: 816 daAuts
     D:2: 763 daAuts
     D:7: 498 daAuts
  Bailey: 294 daAuts
     D:8: 185 daAuts
